 Dungeon Crawl Stone Soup version 0.30.1-11-g7821555f0a (webtiles) character file.

Game seed: 10744750508220923589

171875 Peloso the Hoplite (level 17, -12/161 HPs)
             Began as a Minotaur Fighter on Nov 24, 2023.
             Was the Champion of Okawaru.
             Mangled by a +2 vampiric glaive (23 damage)
             ... on level 1 of the Elven Halls.
             The game lasted 01:30:31 (37417 turns).

Peloso the Hoplite (Minotaur Fighter)              Turns: 37417, Time: 01:30:32

Health: -12/161    AC: 25    Str: 23    XL:     17   Next: 40%
Magic:  17/17      EV: 11    Int:  5    God:    Okawaru [******]
Gold:   4171       SH: 17    Dex: 16    Spells: 16/16 levels left

rFire   + . .        a - +2 long sword (flame)
rCold   . . .        d - +1 kite shield {reflect}
rNeg    . . .        c - +2 plate armour {Will+}
rPois   .            (helmet restricted)
rElec   .            (no cloak)
rCorr   .            E - +2 pair of gloves
SInv    .            y - +0 pair of boots
Will    ++...        B - amulet of regeneration Stlth
                     q - +4 ring of slaying
HPRegen 1.26/turn    H - ring of protection from fire
MPRegen 0.15/turn

%: reflection
@: no status effects
A: horns 2, retaliatory headbutt
a: Renounce Religion, Heroism, Finesse, Duel


You were on level 1 of the Elven Halls.
You worshipped Okawaru.
Okawaru was exalted by your worship.
You visited 7 branches of the dungeon, and saw 27 of its levels.
You also visited: Sewer, Bailey and Ice Cave.

You collected 4446 gold pieces.
You spent 275 gold pieces at shops.

Inventory:

Hand Weapons
 a - a +2 long sword of flaming (weapon)
 J - a +1 long sword of freezing
Armour
 c - a +2 plate armour of willpower (worn)
 d - a +1 kite shield of reflection (worn)
 f - a +2 tower shield of cold resistance
 y - a +0 pair of boots (worn)
 E - a +2 pair of gloves (worn)
 F - a +4 chain mail of fire resistance
 P - a +0 plate armour of cold resistance
 Q - the +9 plate armour "Talainuo" {rPois Int+3 SInv}
   (Okawaru gifted it to you on level 5 of the Lair of Beasts)

   Int:       It affects your intelligence (+3).
   rPois:     It protects you from poison.
   SInv:      It lets you see invisible.
Jewellery
 q - a +4 ring of slaying (left hand)
 r - a +6 ring of strength
 s - the ring "Fodobbem" {Ice rElec Int+6 Dex-2 Stlth+}
   (You found it on level 1 of the Swamp)

   [ring of ice]

   It enhances your ice magic.
   Int:       It affects your intelligence (+6).
   Dex:       It affects your dexterity (-2).
   rF:        It makes you vulnerable to fire.
   rC:        It protects you from cold.
   rElec:     It insulates you from electricity.
   Stlth:     It makes you more stealthy.
 B - an amulet of regeneration (around neck)
 H - a ring of protection from fire (right hand)
 M - a +5 ring of evasion
 R - a ring of positive energy
 V - a ring of willpower
 X - a ring of resist corrosion
 Y - a ring of fire
 Z - a ring of willpower
Wands
 b - a wand of iceblast (14)
 g - a wand of flame (49)
 n - a wand of quicksilver (7)
 L - a wand of mindburst (20)
 T - a wand of digging (4)
 U - a wand of polymorph (6)
Scrolls
 i - 10 scrolls of teleportation
 j - 2 scrolls of brand weapon
 m - 4 scrolls of amnesia
 t - 5 scrolls of poison
 w - 2 scrolls of blinking
 A - 2 scrolls of fog
 C - 3 scrolls of enchant armour
 D - 2 scrolls of silence
 K - 6 scrolls of fear
 O - 7 scrolls of identify
 S - a scroll of magic mapping
Potions
 e - 6 potions of might
 h - 10 potions of haste
 l - 6 potions of brilliance
 o - 4 potions of magic
 p - 4 potions of mutation
 u - 6 potions of lignification
 v - 10 potions of flight
 x - 6 potions of cancellation
 z - 11 potions of curing
 G - 3 potions of resistance
 I - a potion of berserk rage
 W - 2 potions of ambrosia
Miscellaneous
 k - a lightning rod (4/4)
 N - a condenser vane


   Skills:
 + Level 17.2 Fighting
 + Level 18.1 Long Blades
 + Level 16.5 Armour
 + Level 7.7 Dodging
 + Level 2.2 Stealth
 + Level 22.3 Shields
 + Level 2.6 Invocations
 + Level 1.9 Evocations


You had 16 spell levels left.
You didn't know any spells.
Your spell library contained the following spells:

 Spells                   Type           Power      Damage    Failure   Level
 Beastly Appendage        Tmut           0%         N/A       99%         1
 Foxfire                  Conj/Fire      0%         2x1d4     99%         1
 Necrotise                Necr           0%         1d4       99%         1
 Sting                    Tmut/Pois      0%         1d3       99%         1
 Cigotuvi's Dreadful Rot  Necr/Pois/Air  0%         N/A       100%        2
 Poisonous Vapours        Pois/Air       0%         N/A       100%        2
 Wereblood                Tmut           0%         N/A       100%        2
 Dazzling Flash           Conj/Hex       0%         N/A       100%        3
 Frozen Ramparts          Ice            0%         1d1       100%        3
 Mephitic Cloud           Conj/Pois/Air  0%         N/A       100%        3
 Ozocubu's Armour         Ice            0%         N/A       100%        3
 Spider Form              Tmut/Pois      0%         N/A       100%        3
 Vampiric Draining        Necr           0%         2d6       100%        3
 Volatile Blastmotes      Fire/Tloc      0%         2d10      100%        3
 Dispel Undead            Necr           0%         3d6       100%        4
 Ice Form                 Ice/Tmut       0%         N/A       100%        4
 Iskenderun's Mystic Bla  Conj/Tloc      0%         2d3       100%        4
 Olgreb's Toxic Radiance  Pois           0%         N/A       100%        4
 Agony                    Necr           0%         N/A       100%        5
 Alistair's Intoxication  Tmut/Pois      0%         N/A       100%        5
 Freezing Cloud           Conj/Ice/Air   0%         6-21      100%        5
 Starburst                Conj/Fire      0%         6d3       100%        6
 Ozocubu's Refrigeration  Ice            0%         4d7       100%        7
 Discord                  Hex            0%         N/A       100%        8
 Ignition                 Fire           0%         3d3       100%        8
 Polar Vortex             Ice            0%         N/A       100%        9
 Summon Ice Beast         Ice/Summ       Unusable   N/A       N/A         4
 Summon Forest            Summ/Tloc      Unusable   N/A       N/A         5
 Summon Mana Viper        Hex/Summ       Unusable   N/A       N/A         5
 Death Channel            Necr           Unusable   N/A       N/A         6
 Simulacrum               Ice/Necr       Unusable   N/A       N/A         6
 Summon Cactus Giant      Summ           Unusable   N/A       N/A         6

Dungeon Overview and Level Annotations

Branches:
Dungeon (15/15)            Temple (1/1) D:4            Lair (5/5) D:11
  Swamp (1/4) Lair:3        Snake (2/4) Lair:3        Slime (0/5) Lair:5
    Orc (2/2) D:10            Elf (1/3) Orc:2        Vaults (0/5) D:13
 Depths (0/4) D:15          Sewer (visited)          Bailey (visited)
  IceCv (visited)

Altars:
Ashenzari
Cheibriados
Dithmenos
Elyvilon
Fedhas
Gozag
Hepliaklqana
Kikubaaqudgha
Makhleb
Nemelex Xobeh
Okawaru
Qazlal
Ru
Sif Muna
Trog
Uskayaw
Vehumet
Wu Jian
Xom
Yredelemnul
Zin
The Shining One
Jiyva

Shops:
D:7 =!!   D:8 [   D:13 [   Orc:2 :[(*   Elf:1 :=:


Innate Abilities, Weirdness & Mutations

You have a pair of horns on your head.
You reflexively headbutt those who attack you in melee.


Message History

The bolt of lightning hits the +2 vampiric glaive.
The +2 vampiric glaive completely resists.
The deep elf zephyrmancer casts a spell at you.
The bolt of lightning hits something!!
The bolt of lightning hits you!!
The bolt of lightning hits the +2 vampiric glaive.
The +2 vampiric glaive completely resists.
You hear a bow twang.
An arrow appears from out of thin air!
The arrow hits you but does no damage. The +2 vampiric glaive hits you!
You hear a bow twang.
An arrow appears from out of thin air!
You block the arrow with your +1 kite shield of reflection... and reflect it back!
Okawaru accepts your kill.
Reactivating autopickup.
You feel a bit more experienced.
Items here: $ )))) [[[ †.
You hit the +2 vampiric glaive but do no damage.
You headbutt the +2 vampiric glaive.
The +2 vampiric glaive is lightly damaged.
Unknown command.
You closely miss the +2 vampiric glaive.
The +2 vampiric glaive is lightly damaged.
You block the +2 vampiric glaive's attack.
Unknown command.
You closely miss the +2 vampiric glaive.
You headbutt the +2 vampiric glaive, but do no damage.
The +2 vampiric glaive is lightly damaged.
The deep elf zephyrmancer casts a spell.
The deep elf zephyrmancer blinks!
The +2 vampiric glaive hits you!!
* * * LOW HITPOINT WARNING * * *
The deep elf zephyrmancer gestures at you while chanting.
The bolt of lightning hits you!!
* * * LOW HITPOINT WARNING * * *
The bolt of lightning hits the +2 vampiric glaive.
The +2 vampiric glaive completely resists.
You hear some strange, mumbled words.
You slash the +2 vampiric glaive!
The +2 vampiric glaive is heavily damaged.
The +2 vampiric glaive hits you!!
You die...

##.## #.# ##.## #.# ##.##
#.# # ##.#####'## # #.
##'#.....### ####'####
##.).....#' #.......#
#.........#
#......§#########.........#
#.......e)@(....'....8....#
#......e#########.........#
#....e..# #.........#
#.......# ##'.......##
#.......# ##.##.....##
####'#### ##.######'## #.#
##.## #.# #.# ##.## #.# #.#
##.## #.#


You could see 3 deep elf zephyrmancers and a +2 vampiric glaive.

Vanquished Creatures
  A thorn hunter (Swamp:1)
  Agnes (D:14)
  5 orc warlords
  The ghost of Fildev the Cleaver, a journeyman MiBe of Trog (Swamp:1)
  Nessos (D:12)
  A bunyip (Swamp:1)
  The ghost of Valeaz the Severer, a journeyman MiFi of Makhleb (Swamp:1)
  An ettin (Orc:1)
  Fannar (Orc:1)
  A vault guard (D:13)
  A salamander tyrant (Snake:1)
  3 hydras
  The ghost of kalagan the Thaumaturge, a journeyman DECj of Sif Muna (Lair:4)
  A ghost crab (Swamp:1)
  An ogre mage (Orc:1)
  An anaconda (Snake:2)
  A catoblepas (Lair:3)
  5 centaur warriors
  4 two-headed ogres
  4 naga warriors (Snake:1)
  4 boulder beetles
  2 tengu warriors (D:14)
  An alligator (Swamp:1)
  7 death yaks (Lair:5)
  6 naga sharpshooters
  6 dancing weapons
  3 orc high priests
  7 deep elf knights
  A shock serpent (Snake:2)
  2 skeletal warriors
  The ghost of Electrofox the Transmogrifier, a novice DrTm of Sif Muna (D:9)
  A flayed ghost (D:15)
  10 orc knights
  A tengu zombie (D:15)
  2 naga ritualists (Snake:2)
  9 deep elf archers
  4 bog bodies
  3 necromancers
  A wizard (D:14)
  17 deep elf zephyrmancers
  A mana viper (Snake:2)
  13 deep elf pyromancers
  A sphinx zombie (D:15)
  6 orc sorcerers
  21 cyclopes
  A will-o-the-wisp (Swamp:1)
  8 salamanders
  6 ugly things (D:14)
  4 manticores
  A guardian serpent (Snake:2)
  15 elephants
  An ice statue (IceCv)
  24 black mambas
  4 naga magi
  9 rime drakes
  A gargoyle (D:8)
  12 cane toads
  A torpor snail (Lair:5)
  15 komodo dragons
  2 unseen horrors
  2 ice devils (IceCv)
  A freezing wraith (D:15)
  A tengu conjurer (D:14)
  7 yaktaurs
  8 trolls
  8 hornets
  8 polar bears
  A spriggan zombie (D:15)
  30 blink frogs
  2 dream sheep (Lair:5)
  4 tyrant leeches
  15 slime creatures
  12 spriggans
  A culicivora (shapeshifter) (D:15)
  4 dire elephant simulacra (IceCv)
  4 wyverns
  2 centaur simulacra (D:10)
  A vampire (D:12)
  2 water elementals
  Eustachio (D:5)
  A fire elemental (Elf:1)
  33 yaks
  Grum (D:10)
  3 wraiths
  2 basilisks
  20 humans (D:13)
  A catoblepas simulacrum (Lair:4)
  6 steam dragons
  4 death yak simulacra (IceCv)
  8 vampire mosquitoes
  13 nagas
  2 harpy simulacra (IceCv)
  2 swamp worms (Lair:3)
  2 hydra simulacra (Lair:4)
  4 acid dragons
  16 wargs
  A glowing shapeshifter skeleton (D:15)
  26 water moccasins
  2 black bears (Lair:5)
  66 orc warriors
  2 ice beasts (D:10)
  18 ogres
  6 centaurs
  4 boggarts (Lair:5)
  28 wolves
  A phantom (D:5)
  A bullfrog (D:6)
  2 kobold brigands
  4 gnoll sergeants
  Blork the orc (Orc:2)
  2 cane toad simulacra
  5 two-headed ogre simulacra (IceCv)
  3 elephant simulacra
  A killer bee (D:9)
  3 vampire bats (Lair:2)
  2 dream sheep simulacra (Lair:4)
  8 howler monkeys
  3 electric eels
  4 lava snakes (Lair:3)
  A komodo dragon simulacrum (Lair:4)
  23 orc priests
  5 hounds
  3 jellies
  A gnoll bouda (D:5)
  A sleepcap (D:4)
  An iron imp (D:8)
  3 iguanas
  Natasha (thrice) (D:2)
  32 orc wizards
  8 spriggan simulacra (IceCv)
  4 troll simulacra (IceCv)
  3 yak simulacra (D:15)
  2 polar bear simulacra (D:15)
  3 wolf simulacra
  25 gnolls
  29 adders
  3 naga simulacra (IceCv)
  4 river rats (Sewer)
  A shadow imp (D:5)
  10 white imps
  8 ufetubi
  A worm (D:4)
  2 dart slugs (D:1)
  93 orcs
  15 ball pythons
  7 endoplasms
  5 giant cockroaches (D:4)
  17 goblins
  6 hobgoblins
  6 jackals
  33 kobolds
  2 quokkas
  8 bats
  2 frilled lizards
  28 rats
  5 river rat simulacra (D:15)
  A fire vortex (Orc:1)
1099 creatures vanquished.

Vanquished Creatures (others)
  A fire giant (Orc:1)
  A deep elf knight (Elf:1)
  2 bloated husks (Swamp:1)
  2 orcs
  A kobold (D:9)
  2 foxfires (Swamp:1)
9 creatures vanquished.

Grand Total: 1108 creatures vanquished

Notes
Turn   | Place    | Note
-------+----------+-------------------------------------------
     0 | D:1      | Peloso the Minotaur Fighter began the quest for the Orb.
     0 | D:1      | Reached XP level 1. HP: 19/19 MP: 0/0
    73 | D:1      | Reached XP level 2. HP: 21/27 MP: 1/1
   455 | D:1      | Found a faded altar of an unknown god.
   677 | D:2      | Reached skill level 4 in Shields
   677 | D:2      | Reached XP level 3. HP: 33/33 MP: 2/2
   965 | D:2      | Noticed Natasha
   974 | D:2      | Killed Natasha
  1000 | D:2      | Noticed Natasha
  1007 | D:2      | Killed Natasha
  1008 | D:2      | Reached XP level 4. HP: 18/41 MP: 3/3
  1392 | D:2      | Noticed Natasha
  1401 | D:2      | Killed Natasha
  1756 | D:3      | Reached XP level 5. HP: 47/47 MP: 4/4
  1924 | D:3      | Identified the staff of death "Zefom" {rPois rN+}
  2335 | D:4      | Noticed an ogre
  2338 | D:4      | Killed an ogre
  2339 | D:4      | Reached skill level 5 in Armour
  2343 | D:4      | Reached XP level 6. HP: 55/55 MP: 5/5
  2350 | D:4      | Reached skill level 1 in Dodging
  2350 | D:4      | Reached skill level 5 in Shields
  2470 | D:4      | Reached skill level 5 in Fighting
  2470 | D:4      | Reached skill level 5 in Long Blades
  2557 | D:4      | Reached XP level 7. HP: 4/61 MP: 6/6
  2572 | D:4      | Found a glowing drain.
  2647 | Sewer    | Entered a sewer
  3445 | D:4      | Found a staircase to the Ecumenical Temple.
  3474 | Temple   | Entered the Ecumenical Temple
  3680 | D:4      | You fall into a shaft and drop 2 floors!
  3692 | D:5      | Entered Level 5 of the Dungeon
  3893 | D:4      | Found the amulet of Elemental Vulnerability {rPois rF--
                  | rC-- AC+8}
  4373 | D:5      | HP: 1/61 [ogre/+0 giant spiked club (16)]
  4376 | D:5      | Reached XP level 8. HP: 2/70 MP: 7/7
  4654 | D:5      | Reached skill level 6 in Shields
  4707 | D:5      | Reached skill level 1 in Stealth
  4736 | D:5      | Found a hazy altar of Hepliaklqana.
  4876 | D:5      | Noticed Eustachio
  4929 | D:5      | Killed Eustachio
  5409 | D:6      | Found an iron altar of Okawaru.
  5425 | D:6      | Became a worshipper of Warmaster Okawaru
  5603 | D:6      | Reached XP level 9. HP: 37/79 MP: 8/8
  5922 | D:6      | Found a stormy altar of Qazlal.
  6128 | D:7      | Reached skill level 7 in Shields
  6166 | D:7      | Found Noump's Distillery.
  6180 | D:7      | Found a flagged portal.
  6200 | Bailey   | Entered a bailey
  6348 | Bailey   | Noticed an orc knight
  6360 | Bailey   | Killed an orc knight
  6360 | Bailey   | Reached * piety under Okawaru
  6384 | Bailey   | Noticed an orc knight
  6396 | Bailey   | Killed an orc knight
  6397 | Bailey   | Reached skill level 10 in Long Blades
  6397 | Bailey   | Reached skill level 1 in Evocations
  6556 | Bailey   | Reached skill level 8 in Shields
  6903 | D:7      | Found Wirr's Jewellery Emporium.
  6907 | D:7      | Found Naynup's Distillery.
  6999 | D:7      | Found a sacrificial altar of Ru.
  7792 | D:8      | Found Ceox's Antique Armour Boutique.
  7888 | D:8      | Found an ornate altar of the Wu Jian Council.
  7898 | D:8      | Reached XP level 10. HP: 65/89 MP: 9/9
  8095 | D:8      | Found a basalt altar of Yredelemnul.
  8097 | D:8      | Found a shadowy altar of Dithmenos.
  8109 | D:8      | Found a snail-covered altar of Cheibriados.
  8377 | D:8      | Found a white marble altar of Elyvilon.
  8378 | D:8      | Found a glowing golden altar of the Shining One.
  8379 | D:8      | Found a glowing silver altar of Zin.
  8766 | D:9      | Noticed a gargoyle
  8786 | D:8      | Killed a gargoyle
  9055 | D:9      | Found a sparkling altar of Nemelex Xobeh.
  9090 | D:9      | Reached ** piety under Okawaru
  9119 | D:9      | Reached skill level 9 in Shields
  9441 | D:9      | Reached *** piety under Okawaru
  9553 | D:9      | Found a runed translucent door.
  9553 | D:9      | Noticed Electrofox's ghost (novice DrTm)
  9726 | D:9      | Noticed a boulder beetle
  9741 | D:9      | Killed a boulder beetle
  9742 | D:9      | Reached skill level 10 in Shields
  9972 | D:9      | Reached skill level 10 in Armour
  9981 | D:9      | Reached **** piety under Okawaru
  9982 | D:9      | Reached XP level 11. HP: 78/95 MP: 10/10
 10349 | D:9      | Got Rusaily's Codex of Sparks and Putridity
 10529 | D:10     | Entered Level 10 of the Dungeon
 10847 | D:10     | Noticed Grum
 10848 | D:10     | Noticed a boulder beetle
 10874 | D:10     | Killed Grum
 10896 | D:10     | Killed a boulder beetle
 11155 | D:10     | Found an ancient bone altar of Kikubaaqudgha.
 11211 | D:10     | Found a staircase to the Orcish Mines.
 11394 | D:10     | Found a shimmering blue altar of Sif Muna.
 11608 | D:10     | Noticed a two-headed ogre
 11612 | D:10     | Killed a two-headed ogre
 11939 | D:10     | Reached skill level 11 in Shields
 11939 | D:10     | Reached skill level 1 in Invocations
 12089 | D:10     | Reached ***** piety under Okawaru
 12685 | D:11     | Noticed a two-headed ogre
 12693 | D:11     | Killed a two-headed ogre
 12704 | D:11     | Reached skill level 10 in Fighting
 12854 | D:11     | Reached XP level 12. HP: 102/106 MP: 11/11
 13134 | D:11     | Found a staircase to the Lair.
 13173 | D:11     | Identified the +0 flail "Utib" {freeze, rN+}
 13818 | D:12     | Noticed a boulder beetle
 13845 | D:12     | Killed a boulder beetle
 13845 | D:12     | Identified the +2 cloak "Ceryluna" {Harm Int+2 SInv}
                  | (Okawaru gifted it to you on level 12 of the Dungeon)
 13845 | D:12     | Received a gift from Okawaru
 14012 | D:12     | Noticed a two-headed ogre
 14021 | D:12     | Killed a two-headed ogre
 14028 | D:12     | Reached skill level 12 in Shields
 14314 | D:12     | Noticed a centaur warrior
 14331 | D:12     | Killed a centaur warrior
 14336 | D:12     | Noticed a centaur warrior
 14373 | D:12     | Identified the +10 mace "Syczac" {elec, rPois MP-9 Str+5
                  | Int+3}
 14373 | D:12     | Identified the +5 robe "Dokleh" {MP+9}
 14423 | D:12     | Killed a centaur warrior
 14626 | D:12     | Noticed an orc warlord
 14626 | D:12     | Noticed Nessos
 14635 | D:12     | Found an iron altar of Okawaru.
 14649 | D:12     | Killed an orc warlord
 15068 | D:12     | Identified the +9 mace "Xom's Full Attention" {speed, rC+}
 15072 | D:12     | Killed Nessos
 15086 | D:11     | Reached skill level 13 in Shields
 15489 | D:12     | Reached XP level 13. HP: 26/117 MP: 13/13
 16218 | D:12     | Identified the +1 leather armour of the Other World {rPois
                  | rN+ Str-4 Slay+5}
 16528 | Lair:1   | Entered Level 1 of the Lair of Beasts
 16632 | Lair:1   | Found a frozen archway.
 16637 | Lair:1   | Identified the +4 ring mail of Integrity {+Inv rElec Dex+3}
                  | (Okawaru gifted it to you on level 1 of the Lair of Beasts)
 16637 | Lair:1   | Received a gift from Okawaru
 16647 | IceCv    | Entered an ice cave
 16719 | IceCv    | Reached skill level 15 in Long Blades
 19279 | Lair:2   | Reached skill level 14 in Shields
 19407 | Lair:2   | Reached skill level 5 in Dodging
 20212 | Lair:3   | Reached skill level 15 in Shields
 20237 | Lair:3   | Got the Teachings on Hoarfrost
 20333 | Lair:3   | Identified the +0 scale mail "Plog" {Rampage Dex+5}
                  | (Okawaru gifted it to you on level 3 of the Lair of Beasts)
 20333 | Lair:3   | Received a gift from Okawaru
 20759 | Lair:3   | Found a staircase to the Snake Pit.
 21001 | Lair:3   | Found a staircase to the Swamp.
 21010 | Lair:3   | Reached XP level 14. HP: 105/129 MP: 14/14
 21369 | D:9      | Killed Electrofox's ghost
 21429 | Orc:1    | Entered Level 1 of the Orcish Mines
 21794 | Orc:1    | Reached skill level 16 in Shields
 21976 | Orc:1    | Noticed an orc warlord
 22016 | Orc:1    | Killed an orc warlord
 22141 | Orc:1    | Noticed an orc warlord
 22159 | Orc:1    | Killed an orc warlord
 22433 | Orc:2    | Entered Level 2 of the Orcish Mines
 22454 | Orc:2    | Noticed an orc warlord
 22510 | Orc:1    | Killed an orc warlord
 22662 | Orc:2    | Found a staircase to the Elven Halls.
 22871 | Orc:2    | Noticed an orc warlord
 22899 | Orc:2    | Noticed Blork the orc
 22902 | Orc:2    | Killed an orc warlord
 22910 | Orc:2    | Killed Blork the orc
 23087 | Orc:2    | Paralysed by an orc sorcerer for 4 turns
 23135 | Orc:2    | Found Vuggil's General Store.
 23476 | Orc:2    | Reached skill level 17 in Shields
 23774 | Orc:2    | Found Ygeeneta's Antique Weapon Boutique.
 23976 | Orc:2    | Found Qeucet's Antique Armour Boutique.
 23983 | Orc:2    | Bought a distressingly furry chain mail for 275 gold pieces
 23983 | Orc:2    | Identified the +0 chain mail "Ubbud" {Str+3 Slay+5} (You
                  | bought it in a shop on level 2 of the Orcish Mines)
 23994 | Orc:2    | Found Vyhuox's Book Boutique.
 24069 | Orc:1    | Noticed Fannar
 24104 | Orc:1    | Killed Fannar
 24104 | Orc:1    | Reached ****** piety under Okawaru
 24674 | Orc:1    | Received a gift from Okawaru
 24701 | Orc:1    | Noticed a fire giant
 24713 | Orc:1    | Reached XP level 15. HP: 121/138 MP: 15/15
 24714 | Orc:1    | Identified the +5 glaive "Gudwal" {venom, rC+}
 24725 | Orc:1    | Killed a fire giant
 24733 | Orc:1    | Identified the +2 trident of the Toadstool {antimagic, rF-
                  | rN+++ Str-5 Stlth+}
 25367 | D:13     | Found Tycusara's Armour Shop.
 25544 | D:13     | Found a gate to the Vaults.
 25582 | D:13     | Reached skill level 18 in Shields
 25609 | D:13     | Received a gift from Okawaru
 26470 | D:14     | Noticed Agnes
 26488 | D:14     | Killed Agnes
 27231 | D:14     | Reached skill level 15 in Armour
 27680 | Lair:4   | Reached skill level 15 in Fighting
 27968 | Lair:4   | Found a runed translucent gate.
 27968 | Lair:4   | Found a runed translucent gate.
 27969 | Lair:4   | Found a runed translucent gate.
 27993 | Lair:4   | Noticed kalagan's ghost (journeyman DECj)
 28085 | Lair:4   | Received a gift from Okawaru
 28602 | Lair:4   | Killed kalagan's ghost
 28674 | Lair:5   | Entered Level 5 of the Lair of Beasts
 28687 | Lair:5   | Reached skill level 19 in Shields
 28964 | Lair:5   | Identified the +7 glaive of Baegu Lat {flame, rPois Str+2
                  | Dex+3}
 29205 | Lair:5   | Found a viscous altar of Jiyva.
 29211 | Lair:5   | Found a staircase to the Slime Pits.
 29376 | Lair:5   | Reached XP level 16. HP: 105/149 MP: 16/16
 29760 | Lair:5   | Identified the +0 plate armour of the Arcane {-Cast +Blink
                  | rPois rN++}
 29815 | Lair:5   | Reached skill level 20 in Shields
 29825 | Lair:5   | Identified the +9 plate armour "Talainuo" {rPois Int+3
                  | SInv} (Okawaru gifted it to you on level 5 of the Lair of
                  | Beasts)
 29825 | Lair:5   | Received a gift from Okawaru
 30367 | D:15     | Entered Level 15 of the Dungeon
 30512 | D:15     | Identified the +2 spear "Enuuzxa" {freeze, rC- Will+ Dex+3}
 30574 | D:15     | Found a staircase to the Depths.
 31762 | Snake:1  | Entered Level 1 of the Snake Pit
 32715 | Snake:2  | Reached skill level 21 in Shields
 32829 | Snake:2  | Received a gift from Okawaru
 33679 | Snake:2  | Found an ornate altar of the Wu Jian Council.
 34419 | Swamp:1  | Entered Level 1 of the Swamp
 34473 | Swamp:1  | Identified the +2 ring mail "Pyoninn" {Regen+} (Okawaru
                  | gifted it to you on level 1 of the Swamp)
 34473 | Swamp:1  | Received a gift from Okawaru
 34477 | Swamp:1  | Noticed a thorn hunter
 34494 | Swamp:1  | Killed a thorn hunter
 34812 | Swamp:1  | Found a runed translucent gate.
 34812 | Swamp:1  | Found a runed translucent gate.
 34812 | Swamp:1  | Found a runed translucent gate.
 34813 | Swamp:1  | Noticed Fildev's ghost (journeyman MiBe)
 34813 | Swamp:1  | Noticed Valeaz's ghost (journeyman MiFi)
 35064 | Swamp:1  | Killed Valeaz's ghost
 35091 | Swamp:1  | Killed Fildev's ghost
 35092 | Swamp:1  | Reached XP level 17. HP: 144/160 MP: 17/17
 35097 | Swamp:1  | Identified the ring "Fodobbem" {Ice rElec Int+6 Dex-2
                  | Stlth+}
 35886 | D:8      | Found a bloodstained altar of Trog.
 36201 | Elf:1    | Entered Level 1 of the Elven Halls
 36690 | Elf:1    | Reached skill level 22 in Shields
 36774 | Elf:1    | Found Taot's Book Emporium.
 36774 | Elf:1    | Found Laixty's Jewellery Boutique.
 36775 | Elf:1    | Found Icor's Book Emporium.
 37049 | Elf:1    | Received a gift from Okawaru
 37417 | Elf:1    | Mangled by a +2 vampiric glaive

Illustrated notes

Levels and vault maps discovered:
D:1:      lightli_arrival_chessboard, layout_rooms,
          shapermc_ecumenical_altar_flowoftime, chequers_serial_rivers_micro_d,
          chequers_hall_statues_wall_a
D:2:      layout_basic, uniq_natasha
D:3:      layout_loops_ring
D:4:      minmay_recursive_quarters, layout_cave_pools, temple_fountains,
          gup_sewer_entry_glass
D:5:      layout_loops_cross, minmay_ruined_shrine, uniq_eustachio
D:6:      cheibrodos_steamvent, layout_cave_pools,
          nicolae_qazlal_eye_of_the_storm, mainiacjoe_overflow_alcove_4
D:7:      layout_loops_ring, lemuel_tele_altar, serial_shops, shop,
          nicolae_stop_n_shop_1, nicolae_take_the_stairs, enter_bailey_5
D:8:      layout_basic, good_gods_temple_1, nicolae_overflow_hidden_temple,
          slow_altar_2, serial_shops, nicolae_shop_pleasant_corner_grove
D:9:      layout_irregular_city, overflow_temple_1_default,
          hellmonk_ghost_happy_afterlife, minmay_joined_circles
D:10:     kennysheep_blocky_hall, layout_irregular_city,
          mainiacjoe_overflow_six_doors_small, tgw_sif, serial_ice,
          serial_ice_a, serial_ice_h, serial_ice_i, serial_ice_e, uniq_grum
D:11:     layout_loops_ring, erik_lair_orcish_takeover,
          kennysheep_generic_room_8
D:12:     evilmike_iron_armoury, layout_small_grid, uniq_nessos
D:13:     layout_stronghold, grunt_vaults_entry_tiered, serial_shops,
          kennysheep_mini_moat
D:14:     layout_roguey [special_room_orc], nicolae_water_bricks,
          minmay_diced_spiral, uniq_agnes
D:15:     gammafunk_depths_entry_grave, layout_grid_maze, minivault_26,
          eino_house_with_fridge
Temple:   hellmonk_temple_forest_ring
Lair:1:   lemuel_reptile_caves, layout_hall_layers, portal_ice_cave_rime,
          serial_bayou_lake_a
Lair:2:   layout_gridlike, roderic_batcave
Lair:3:   layout_chaotic_city, palyth_hydra_swamp_entry,
          nicolae_snake_entry_warm_welcome, grunt_forest_large_clearings
Lair:4:   layout_regular_city, gammafunk_ghost_icy,
          chequers_serial_rivers_small_3
Lair:5:   minmay_lair_end_enchanted_forest, layout_small_grid,
          minmay_slime_entry_pillars, nicolae_quartered_pool_medium
Swamp:1:  layout_basic_swamp, gammafunk_ghost_cemetery,
          evilmike_swamp_ruin_house_4
Snake:1:  layout_cave_shapes
Snake:2:  layout_grid_shapes, basic_altar
Orc:1:    giant_chief_lemuel, layout_caves, elf_legates, uniq_fannar
Orc:2:    grunt_orc_cross, layout_diamond_mine, nooodl_orcs_dogs
Elf:1:    minmay_elf_arrival_plus, layout_geoelf_grid, evilmike_minifort,
          minmay_shop_grove

Skill      XL: |  1  2  3  4  5  6  7  8  9 10 11 12 13 14 15 16 17 |
---------------+----------------------------------------------------+-----
Armour         | 4 5 6 7 8 10 11 13 14 15 16 | 16.5
Fighting       | 4 5 7 8 10 11 13 14 15 16 17 | 17.2
Shields        | 4 5 6 8 10 11 13 15 17 19 21 22 | 22.3
Long Blades    | 3 4 5 7 8 10 12 14 15 16 17 18 | 18.1
Dodging        | 1 2 3 4 5 6 7 |  7.7
Stealth        | 1 2 |  2.2
Evocations     | 1 |  1.9
Invocations    | 1 2 |  2.6

Action                     |  1- 3 |  4- 6 |  7- 9 | 10-12 | 13-15 | 16-18 || total
---------------------------+-------+-------+-------+-------+-------+-------++-------
  Melee: Long sword        |    84 |   134 |   385 |   681 |  1872 |  1076 ||  4232
         Headbutt          |    22 |    22 |    57 |   180 |   515 |   306 ||  1102
 Invoke: Heroism           |       |       |     3 |    20 |    17 |     4 ||    44
  Evoke: Wand              |       |     5 |     3 |     4 |       |       ||    12
         Lightning rod     |       |       |       |     7 |       |       ||     7
    Use: Potion            |     1 |     1 |     2 |     4 |     4 |     2 ||    14
         Scroll            |       |     5 |    10 |     9 |     5 |     4 ||    33
 Armour: Scale mail        |    14 |       |       |       |   125 |       ||   139
         Chain mail        |    15 |    98 |   207 |   198 |   359 |    48 ||   925
         Plate armour      |       |       |       |   101 |    62 |   289 ||   452
  Dodge: Dodged            |    21 |    62 |   183 |   197 |   423 |   172 ||  1058
  Block: Buckler           |     7 |    34 |   133 |     2 |     7 |       ||   183
         Kite shield       |       |       |       |   399 |    40 |    22 ||   461
         Tower shield      |       |       |       |       |  1882 |  1153 ||  3035
         Reflection        |       |       |       |       |       |     5 ||     5
